 Dungeon Crawl Stone Soup version 0.28.0-53-g5a82cb258f (console) character file.

Game seed: 12915405016570422524

128 erker the Digger (level 5, -6/31 HPs)
             Began as an Octopode Earth Elementalist on July 15, 2022.
             Killed from afar by an orc wizard (10 damage)
             ... with a puff of flame
             ... on level 3 of the Dungeon.
             The game lasted 00:06:38 (2281 turns).

erker the Digger (Octopode Earth Elementalist)      Turns: 2281, Time: 00:06:39

Health: -6/31      AC:  1    Str:  7    XL:     5   Next: 11%
Magic:  7/8        EV: 13    Int: 19    God:
Gold:   148        SH:  0    Dex: 13    Spells: 5/8 levels left

rFire   . . .      SeeInvis .   a - +0 dagger
rCold   . . .      Faith    .   (no shield)
rNeg    . . .      Spirit   .   (helmet restricted)
rPois   .          Reflect  .   (no amulet)
rElec   .          Harm     .   (no ring)
rCorr   .          Rampage  .   (no ring)
Will    .....                   (no ring)
Stlth   +++.......              (no ring)
HPRegen 0.10/turn               (no ring)
MPRegen 0.11/turn               (no ring)
                                (no ring)
                                (no ring)

@: no status effects
A: almost no armour, amphibious, 8 rings, camouflage 1, gelatinous body 1,
(nimble swimmer 1), tentacles
a: no special abilities


You were on level 3 of the Dungeon.
You visited 1 branch of the dungeon, and saw 3 of its levels.

You collected 148 gold pieces.

Inventory:

Hand Weapons
 a - a +0 dagger (weapon)
Missiles
 b - 84 stones
 m - 4 poisoned darts (quivered)
Magical Staves
 e - a staff of death
Scrolls
 d - 2 scrolls of identify {unknown}
 f - a scroll of enchant weapon {unknown}
 h - a scroll of teleportation {unknown}
 j - a scroll of vulnerability {unknown}
 l - a scroll of blinking {unknown}
Potions
 c - a potion of cancellation
 g - 2 potions of curing {unknown}
 i - a potion of resistance {unknown}
 k - a potion of attraction {unknown}


   Skills:
 - Level 2.0 Short Blades
 - Level 2.0 Dodging
 - Level 4.0 Stealth
 - Level 2.0 Spellcasting
 - Level 1.0 Transmutations
 + Level 4.7 Earth Magic


You had 5 spell levels left.
You knew the following spells:

 Your Spells              Type           Power      Damage    Failure   Level
a - Sandblast             Erth           38%        2d10      2%          1
w - Passwall              Tmut/Erth      10%        N/A       8%          2

Your spell library contained the following spells:

 Spells                   Type           Power      Damage    Failure   Level
 Stone Arrow              Conj/Erth      20%        3d8       19%         3
 Petrify                  Tmut/Erth      12%        N/A       45%         4


Dungeon Overview and Level Annotations

Branches:
Dungeon (3/15)

Altars:

Annotations:
D:3 exclusion: orc priest


Innate Abilities, Weirdness & Mutations

You cannot wear most types of armour.
You are amphibious.
You can wear up to eight rings at the same time.
Your skin changes colour to match your surroundings (Stealth+).
Your rubbery body absorbs attacks. (AC +1, EV +1)
((You are camouflaged when in or above water. (Stealth+)))
You have tentacles for arms and can constrict up to eight enemies at once.


Message History

The orc wizard is poisoned.
The orc wizard shouts!
You hear a shout! x2
The orc wizard gestures at you while chanting.
The puff of flame hits you!
Throw: 5 darts (poison)
Press: ? - help, Q - select action, (/) - cycle Shift-Dir - straight line, f/p - orc wizard
Aim: an orc wizard, wielding a +0 dagger and wearing a +0 robe (heavily wounded, 47% to hit)
You throw a poisoned dart.
The poisoned dart closely misses the orc wizard.
The orc wizard gestures at you while chanting.
The puff of flame hits you.
Casting: Sandblast (safe; 2% risk of failure)
Confirm with . or Enter, or press ? or * to list all spells.
Aiming: Sandblast (safe; 2% risk of failure)
Press: ? - help, Shift-Dir - straight line, f/p - orc wizard
Aim: an orc wizard, wielding a +0 dagger and wearing a +0 robe (heavily wounded, 74% to hit)
The blast of sand hits the orc wizard but does no damage.
The orc wizard is heavily wounded.
b - 84 stones The orc wizard casts a spell.
The orc wizard flickers and vanishes!
Deactivating autopickup; reactivate with Ctrl-A.
Something hits you.
You hit something but do no damage.
You hear some strange, mumbled words.
You are confused.
You hit something but do no damage.
You hear some strange, mumbled words.
A magic dart appears from out of thin air!
The magic dart hits you!
* * * LOW HITPOINT WARNING * * *
It was a potion of cancellation.
Your magical effects are unravelling.
You feel magically purged.
You feel less confused.
You hear some strange, mumbled words.
A puff of flame appears from out of thin air!
The puff of flame hits you!
You die...

##.# #.# #.# ...... #.# ######.#
##.# ..)... #.###...##.# #..#
###...... #.##.....#.#
##.#####...#.. . #..........#
#..##...†###.##. ##..........#
#.#...#### #.#..
#..#........###.#.########.#..
##.###.........{.....(.........
###..##.......#.@...#########.>##
..............#.......#####....##
..............#...###...........#
.............#...## ##......##...
.......÷....##.#.# #.########.#
.........#####.#.# ###.# #.#
.......>.####..#.###...# ###†#
.................##..### #....
.........##..##. ##.## #....


There were no monsters in sight!

Vanquished Creatures
  A bullfrog zombie (D:3)
  Jessica (D:2)
  A gnoll (D:1)
  2 adders
  A dart slug (D:1)
  An endoplasm (D:1)
  2 goblins
  4 hobgoblins
  3 jackals (D:3)
  9 quokkas
  4 ball pythons
  A bat (D:1)
  2 frilled lizards (D:3)
  2 kobolds
  5 rats
39 creatures vanquished.

Notes
Turn   | Place    | Note
-------+----------+-------------------------------------------
     0 | D:1      | erker the Octopode Earth Elementalist began the quest for
                  | the Orb.
     0 | D:1      | Reached XP level 1. HP: 11/11 MP: 3/3
   501 | D:1      | Reached XP level 2. HP: 4/17 MP: 3/5
   751 | D:1      | Learned a level 2 spell: Passwall
   783 | D:1      | Reached skill level 1 in Short Blades
  1069 | D:1      | Reached XP level 3. HP: 21/21 MP: 3/6
  1400 | D:2      | Noticed Jessica
  1428 | D:2      | Killed Jessica
  1503 | D:2      | Reached XP level 4. HP: 27/27 MP: 7/7
  1796 | D:2      | Found a faded altar of an unknown god.
  2086 | D:3      | Reached XP level 5. HP: 31/31 MP: 1/8
  2281 | D:3      | Killed from afar by an orc wizard

Illustrated notes

Levels and vault maps discovered:
D:1:      dpeg_arrival_pits, layout_loops_ring
D:2:      layout_rooms, hellmonk_ecumenical_altar_inner_sanctum, uniq_jessica
D:3:      layout_rooms

Skill      XL: |  1  2  3  4 |
---------------+-------------+-----
Stealth        | 3 4 |  4.0
Short Blades   | 1 2 |  2.0
Earth Magic    | 4 |  4.7
Dodging        | |  2.0
Spellcasting   | |  2.0
Transmutations | |  1.0

Action                   |  1- 3 |  4- 6 || total
-------------------------+-------+-------++-------
Melee: Dagger            |    25 |    29 ||    54
       Constrict         |     7 |    10 ||    17
       Unarmed           |     2 |       ||     2
       Tentacles         |     2 |     5 ||     7
Throw: Dart              |       |     2 ||     2
 Cast: Sandblast         |    11 |     9 ||    20
       Passwall          |     1 |     4 ||     5
  Use: Potion            |       |     1 ||     1
 Stab: Sleeping          |     7 |     4 ||    11
Armor: Skin              |     2 |     1 ||     3
Dodge: Dodged            |    12 |    18 ||    30
